 Dungeon Crawl Stone Soup version 0.29-a0-275-g389c0b56f3 (webtiles) character file.

Game seed: 6736202118656972189

8 epen the Chiller (level 2, -3/22 HPs)
             Began as a Naga Ice Elementalist on Mar 11, 2022.
             Slain by a quokka (5 damage)
             ... on level 1 of the Dungeon.
             The game lasted 00:00:25 (248 turns).

epen the Chiller (Naga Ice Elementalist)             Turns: 248, Time: 00:00:26

Health: -3/22      AC:  1    Str: 10    XL:     2   Next: 8%
Magic:  5/5        EV: 10    Int: 15    God:
Gold:   0          SH:  0    Dex: 11    Spells: 4/5 levels left

rFire   . . .      SeeInvis +   d - +0 short sword
rCold   . . .      Faith    .   (no shield)
rNeg    . . .      Spirit   .   a - +0 robe
rPois   +          Reflect  .   (no helmet)
rElec   .          Harm     .   (no cloak)
rCorr   .          Rampage  .   (no gloves)
Will    .....                   (no barding)
Stlth   ++........              (no amulet)
HPRegen 0.07/turn               (no ring)
MPRegen 0.09/turn               (no ring)

@: very slow
A: AC +0, large, see invisible, deformed body, poison resistance, slowness 2,
spit poison 1, naga tail 1
a: Spit Poison


You were on level 1 of the Dungeon.
You visited 1 branch of the dungeon, and saw 1 of its levels.

Inventory:

Hand Weapons
 d - a +0 short sword (weapon)
Armour
 a - a +0 robe (worn)
Scrolls
 c - a scroll of teleportation {unknown}


   Skills:
 + Level 1.7 Dodging
 + Level 3.3 Stealth
 + Level 2.1 Spellcasting
 + Level 4.1 Ice Magic


You had 4 spell levels left.
You knew the following spells:

 Your Spells              Type           Power      Damage    Failure   Level
a - Freeze                Ice            52%        1d7       4%          1

Your spell library contained the following spells:

 Spells                   Type           Power      Damage    Failure   Level
 Frozen Ramparts          Ice            26%        1d4       12%         3
 Ozocubu's Armour         Ice            13%        N/A       12%         3
 Hailstorm                Conj/Ice       7%         3d4       67%         4


Dungeon Overview and Level Annotations

Branches:
Dungeon (1/15)

Altars:


Innate Abilities, Weirdness & Mutations

Your serpentine skin is tough. (AC +0)
You have supernaturally acute eyesight. (SInv)
Armour fits poorly on your strangely shaped body.
Your system is resistant to poisons. (rPois)
You cover ground very slowly.
You can spit poison.
You have a snake-like lower body.


Message History

Aiming: Freeze (safe; 4% risk of failure)
Press: ? - help, Shift-Dir - straight line, f - kobold, p - bat
Aim: a kobold, wielding a +0 short sword and quivering stones You freeze the kobold.
The kobold is heavily wounded.
The bat hits you.
The kobold hits you with a +0 short sword.
Casting: Freeze (safe; 4% risk of failure)
Confirm with . or Enter, or press ? or * to list all spells.
Aiming: Freeze (safe; 4% risk of failure)
Press: ? - help, Shift-Dir - straight line, f/p - kobold
Aim: a kobold, wielding a +0 short sword and quivering stones (heavily wounded)
You freeze the kobold.
You kill the kobold!
The bat barely misses you. The bat hits you but does no damage.
Things that are here:
a +0 short sword; 2 stones
d - a +0 short sword The bat hits you.
The goblin hits you with a +0 dagger.
d - a +0 short sword (weapon)
The goblin hits you with a +0 dagger.
* * * LOW HITPOINT WARNING * * *
Casting: Freeze (safe; 4% risk of failure)
Confirm with . or Enter, or press ? or * to list all spells.
Aiming: Freeze (safe; 4% risk of failure)
Press: ? - help, Shift-Dir - straight line, f - goblin
Aim: a goblin, wielding a +0 dagger You freeze the goblin.
The goblin is heavily wounded.
The bat barely misses you. The goblin hits you with a +0 dagger.
* * * LOW HITPOINT WARNING * * *
Your magical contamination has completely faded away.
You closely miss the goblin.
The goblin is heavily wounded.
The bat closely misses you. The goblin hits you with a +0 dagger.
* * * LOW HITPOINT WARNING * * *
Magic courses through your body. The bat hits you but does no damage.
The quokka bites you.
You die...

..≈≈≈≈≈≈. ### ...≈≈≈≈≈P
#.. .. .♣≈≈≈≈≈.. #.# ..
...≈≈≈♣≈####.# #.
..♣≈P≈≈≈♣..#.# ##### #.
...P≈≈≈....#.# #...# #.
#...P.rb...#†# #...# ##.
#.....g@...#.###...###.≈
####.#.....†............
#.#####.###...##... #.
#.# ######..) #. #.#
#.## #. #.# #.# #.
#.########.## #.
#............
##########.##


You could see a quokka, a goblin and a bat.

Vanquished Creatures
  A dart slug (D:1)
  A goblin (D:1)
  A kobold (D:1)
  A quokka (D:1)
  A frilled lizard (D:1)
  A rat (D:1)
6 creatures vanquished.

Notes
Turn   | Place    | Note
-------+----------+-------------------------------------------
     0 | D:1      | epen the Naga Ice Elementalist began the quest for the Orb.
     0 | D:1      | Reached XP level 1. HP: 15/15 MP: 3/3
   173 | D:1      | Reached XP level 2. HP: 12/22 MP: 0/5
   247 | D:1      | HP: 1/22 [goblin/+0 dagger (3)]
   248 | D:1      | Slain by a quokka

Illustrated notes

Levels and vault maps discovered:
D:1:      onia_arrival_pentagram, layout_basic, serial_bayou_pond_b,
          minmay_distorted

Action                   || total
-------------------------++-------
Melee: Unarmed           ||     1
       Short sword       ||     1
 Cast: Freeze            ||    12
  Use: Potion            ||     1
Armor: Robe              ||     6
Dodge: Dodged            ||    13

Table legend: (Time is in decaauts)
 A = Elapsed time spent in this place.
 B = Non-inter-level travel time spent in this place.
 C = Inter-level travel time spent in this place.
 D = Time resting spent in this place.
 E = Time spent auto-exploring this place.
 F = Levels seen in this place.
 G = Mean time per level.
                   A        B        C        D        E       F      G
               +--------+--------+--------+--------+--------+-----+--------+
         Total |    288 |    288 |      0 |      0 |    243 |   1 |  288.0 |
       Dungeon |    288 |    288 |      0 |      0 |    243 |   1 |  288.0 |
               +--------+--------+--------+--------+--------+-----+--------+

Top non-repeatable levels by time:
     D:1: 288 daAuts
